 Dungeon Crawl Stone Soup version 0.30-a0-234-g97d66968fd (webtiles) character file.

Game seed: 8740006060224830865

80 qw the Chopper (level 4, -6/28 HPs)
             Began as a Gargoyle Fighter on Oct 9, 2022.
             Mangled by an ogre
             ... wielding a +0 giant club
              (17 damage)
             ... on level 2 of the Dungeon.
             The game lasted 00:00:38 (1036 turns).

qw the Chopper (Gargoyle Fighter)                   Turns: 1036, Time: 00:00:39

Health: -6/28      AC: 11    Str: 22    XL:     4   Next: 39%
Magic:  4/4        EV:  9    Int:  8    God:
Gold:   45         SH:  4    Dex:  9    Spells: 3/3 levels left

rFire   . . .      SeeInvis +    Y - +0 war axe
rCold   . . .      Faith    .    c - +0 buckler
rNeg    + . .      Spirit   .    b - +0 scale mail
rPois   inf        Reflect  .    (no helmet)
rElec   +          Harm     .    (no cloak)
rCorr   .          Rampage  .    (no gloves)
Will    .....                    i - +0 pair of boots
Stlth   ..........               n - amulet of regeneration
HPRegen 1.04/turn                h - ring of see invisible
MPRegen 0.09/turn                (no ring)

@: no status effects
A: sickness immunity, AC +3, negative energy resistance 1, electricity
resistance, torment resistance 1, petrification resistance
a: no special abilities


You were on level 2 of the Dungeon.
You visited 1 branch of the dungeon, and saw 2 of its levels.

You collected 45 gold pieces.


Innate Abilities, Weirdness & Mutations

You are immune to sickness and miasma.
Your stone body is resilient. (AC +3)
You are immune to poison.
You resist negative energy. (rN+)
You are resistant to electric shocks. (rElec)
You are resistant to unholy torment.
You are immune to petrification.


   Skills:
 - Level 3.2 Fighting
 + Level 3.9 Axes
 - Level 1.0 Throwing
 - Level 3.2 Armour
 - Level 3.2 Shields


You had 3 spell levels left.
You didn't know any spells.
Your spell library was empty.

Inventory:

Hand Weapons
 f - a +0 club
 Y - a +0 war axe (weapon)
Missiles
 m - 4 javelins (quivered)
Armour
 a - a +1 helmet
 b - a +0 scale mail (worn)
 c - a +0 buckler (worn)
 i - a +0 pair of boots (worn)
 o - a +0 pair of gloves
Jewellery
 h - a ring of see invisible (left hand)
 n - an amulet of regeneration (around neck)
Scrolls
 g - 2 scrolls of teleportation {unknown}
 l - 5 scrolls of blinking {unknown}
 p - a scroll of acquirement {unknown}
Potions
 d - a potion of might
 e - a potion of heal wounds {unknown}
 j - a potion of attraction {unknown}
 k - a potion of curing

Dungeon Overview and Level Annotations

Branches:
Dungeon (2/15)

Altars:
Xom

Shops:
D:1 !


Message History

There is an open door here.
m - 6 javelins (gained 1)
You open the door.
A goblin comes into view. It is wielding a +0 club.
The goblin shouts!
Found 3 scrolls labelled IDWYEQU ENUO and a scroll labelled JEDYFU GUIXIL.
Throw: 6 javelins
Press: ? - help, Q - select action Shift-Dir - straight line, f - goblin You throw a javelin.
The javelin pierces through the goblin!
You kill the goblin!
There is an open door here.
g - 2 scrolls labelled JEDYFU GUIXIL (gained 1)
l - 5 scrolls labelled IDWYEQU ENUO (gained 3)
m - 6 javelins (gained 1) As you open the door, it creaks loudly!
There is an open door here.
You open the door.
There is an open door here.
p - a scroll labelled UKKIC BURU An ogre comes into view.
It is wielding a +0 giant club.
The ogre shouts!
Throw: 6 javelins
Press: ? - help, Q - select action Shift-Dir - straight line, f - ogre You throw a javelin.
The javelin pierces through the ogre!
The ogre is heavily wounded.
Throw: 5 javelins
Press: ? - help, Q - select action Shift-Dir - straight line, f/p - ogre You throw a javelin.
The javelin completely misses the ogre.
You barely miss the ogre.
The ogre is heavily wounded.
The ogre hits you with a +0 giant club!!
Ouch! That really hurt!
You barely miss the ogre.
The ogre is heavily wounded.
The ogre barely misses you.
You barely miss the ogre.
The ogre is heavily wounded.
The ogre hits you with a +0 giant club!
Ouch! That really hurt!
You die...

#.. #(. .. .. ### ### #.
##.## ##.## # # #.
##...###...###
.##..#O####.....#.....#.
.......@..'.....'.....'.
.##.#..>..#.....#..)..#.
#....###...###...###
##.###.##.##.##.##.# #.
#.##...#+#...###... #.
#.+.....+.....'.... #.
#.## #'#...###...
####.##..## ##.##.##
##.# #.......#.###...###
###


You could see an ogre.

Vanquished Creatures
  Robin (D:2)
  A worm (D:2)
  3 dart slugs (D:1)
  6 ball pythons (D:1)
  6 bats
  4 endoplasms
  14 goblins
  3 hobgoblins
  4 quokkas (D:1)
  A frilled lizard (D:1)
  2 kobolds
  6 rats (D:1)
51 creatures vanquished.

Notes
Turn   | Place    | Note
-------+----------+-------------------------------------------
     0 | D:1      | qw the Gargoyle Fighter began the quest for the Orb.
     0 | D:1      | Reached XP level 1. HP: 14/14 MP: 1/1
     0 | D:1      | 0 ||| qw: Version: 0.2-a-17-g06abaee
     0 | D:1      | 0 ||| qw: Game counter: 2336
     0 | D:1      | 0 ||| qw: Always use a shield: true
     0 | D:1      | 0 ||| qw: God list: Okawaru
     0 | D:1      | 0 ||| qw: Allow faded altars: false
     0 | D:1      | 0 ||| qw: Do Orc after D:15 true
     0 | D:1      | 0 ||| qw: Do second Lair branch before Depths: true
     0 | D:1      | 0 ||| qw: Lair rune preference: random
     0 | D:1      | 0 ||| qw: Plans: Normal, Zot:1-4, God:TSO, Crypt, Tomb,
                  | Pan, Slime:5, Hells, Abyss, Orb
     0 | D:1      | 0 ||| PLANNING D:1-11
    67 | D:1      | Reached XP level 2. HP: 11/19 MP: 2/2
   218 | D:1      | Reached skill level 3 in Axes
   268 | D:1      | Reached XP level 3. HP: 23/23 MP: 3/3
   302 | D:1      | 302 ||| Stepping ~*~*~tactically~*~*~ (stealth).
   616 | D:1      | Found Vodeotish's Distillery.
   646 | D:1      | 646 ||| SHOPLISTING 2 potions of heal wounds (140 gold,
                  | have 30).
   646 | D:1      | 646 ||| SHOPLISTING potion of curing (42 gold, have 30).
   646 | D:1      | 646 ||| SHOPLISTING potion of haste (140 gold, have 30).
   646 | D:1      | 646 ||| SHOPLISTING potion of heal wounds (70 gold, have
                  | 30).
   646 | D:1      | 646 ||| SHOPLISTING potion of resistance (140 gold, have
                  | 30).
   715 | D:1      | 715 ||| Stepping ~*~*~tactically~*~*~ (stealth).
   724 | D:1      | Reached skill level 1 in Throwing
   734 | D:1      | 734 ||| UPGRADING to +0 pair of boots.
   739 | D:1      | 739 ||| UPGRADING to amulet of regeneration.
   744 | D:1      | 744 ||| UPGRADING to ring of see invisible.
   745 | D:1      | 745 ||| READING scroll labelled QUENTEFY RUGU.
   746 | D:1      | 746 ||| READING scroll labelled ADWEIH HECEWN.
   747 | D:1      | 747 ||| DRINKING 2 puce potions.
   788 | D:2      | 788 ||| STAIRDANCE
   794 | D:2      | 794 ||| STAIRDANCE
   803 | D:2      | 803 ||| Stepping ~*~*~tactically~*~*~ (stealth).
   805 | D:2      | 805 ||| Stepping ~*~*~tactically~*~*~ (hiding).
   806 | D:2      | 806 ||| Stepping ~*~*~tactically~*~*~ (hiding).
   813 | D:2      | 813 ||| STAIRDANCE
   838 | D:2      | Reached XP level 4. HP: 28/28 MP: 4/4
   846 | D:2      | Noticed Robin
   847 | D:2      | 847 ||| Stepping ~*~*~tactically~*~*~ (hiding).
   855 | D:2      | Killed Robin
   941 | D:2      | Found a shimmering altar of Xom.
  1030 | D:2      | Noticed an ogre
  1036 | D:2      | Mangled by an ogre

Levels and vault maps discovered:
D:1:      dpeg_arrival_subterranean_lakeside_camping, layout_rooms,
          serial_shops, nicolae_shop_temple_entry_statues_fountains,
          minmay_tromino_v4_c
D:2:      layout_rooms, basic_altar, palyth_stone_intersect,
          nicolae_hexahallways, minmay_misc_feat_plants, grunt_decor_junction,
          uniq_robin

Skill      XL: |  1  2  3 |
---------------+----------+-----
Axes           | 2 3 |  3.9
Throwing       | 1 |  1.0
Fighting       | |  3.2
Armour         | |  3.2
Shields        | |  3.2

Action                   |  1- 3 |  4- 6 || total
-------------------------+-------+-------++-------
Melee: War axe           |   130 |    19 ||   149
Throw: Javelin           |    17 |     4 ||    21
  Use: Scroll            |     2 |       ||     2
       Potion            |     1 |       ||     1
Armor: Scale mail        |    95 |     7 ||   102
Dodge: Dodged            |    58 |     5 ||    63
Block: Buckler           |    28 |     2 ||    30

Table legend:
 A = Non-vault XP
 B = Vault XP
 C = Vault XP percentage of total XP
 D = Non-vault monster count
 E = Vault monster count
 F = Vault count percentage of total count
                 A         B        C        D         E       F
            +---------+---------+-------+---------+---------+-------
      Total |      65 |      50 |  43.5 |      32 |      19 |  37.3
            +---------+---------+-------+---------+---------+-------
        D:1 |      53 |      18 |  25.4 |      27 |      10 |  27.0
        D:2 |      12 |      32 |  72.7 |       5 |       9 |  64.3
            +---------+---------+-------+---------+---------+-------
